AoeStats
← UGodALouSass

Arena

504126087Analyzed
3v3 RM · 1mo ago on Sep 4, 2026· 42m 57s· 6 players
Game mode
Random Map
Map size
Normal (6 player)
Population
200
Speed
Normal
Resources
Standard
Victory
Conquest
Starting age
Dark Age
Ending age
Imperial Age
RankedLock teamsTeams togetherTeam positionsShared explorationLock speedFull tech treeHidden civsTurbo modeCheats
Victory
Defeat
🇲🇽 Persians · Mexico
901
+16
🇺🇸 Slavs · United States
892
+17
🇨🇦 Spanish · Canada
850
+19
🇺🇸 Saracens · United States
1066
-25
🇧🇷 Georgians · Brazil
843
-14
🇺🇸 Khmer · United States
817
-13
Wondermaker
11:30 Feudal Age
16:04 Castle Age
18:18 Double-Bit Axe
26:54 Stone Mining
28:35 Bow Saw
29:37 Horse Collar
30:17 Padded Archer Armor
35:16 Wheelbarrow
38:08 Imperial Age
37:28 Fletching
37:53 Leather Archer Armor
38:16 Bodkin Arrow
40:00 Hand Cart
39:30 Loom
39:23 Capped Ram
41:12 Siege Ram
42:50 Heavy Plow
43:53 Two-Man Saw
Parpastoplo
1:24 Loom
11:38 Feudal Age
16:12 Castle Age
14:22 Double-Bit Axe
14:52 Horse Collar
17:05 Bow Saw
17:16 Heavy Plow
21:51 Wheelbarrow
22:26 Fletching
24:03 Stone Mining
24:58 Hand Cart
26:47 Town Watch
27:03 Padded Archer Armor
26:59 Bodkin Arrow
27:42 Scale Barding Armor
27:50 Bloodlines
27:37 Crossbowman
28:48 Kamandaran
29:30 Thumb Ring
31:06 Leather Archer Armor
31:27 Ballistics
31:18 Masonry
32:46 Chain Barding Armor
33:51 Forging
35:38 Iron Casting
38:36 Imperial Age
36:07 Town Patrol
39:27 Plate Barding Armor
38:57 Husbandry
39:19 Conscription
40:21 Blast Furnace
40:44 Ring Archer Armor
40:41 Elite War Elephant
WHIRLYBIRDER
11:22 Feudal Age
12:36 Double-Bit Axe
15:13 Horse Collar
16:43 Wheelbarrow
21:29 Castle Age
19:45 Forging
19:36 Scale Mail Armor
22:12 Stone Mining
22:46 Heavy Plow
22:57 Bow Saw
23:14 Hand Cart
26:52 Gold Mining
28:00 Pikeman
29:04 Chain Mail Armor
29:33 Gold Shaft Mining
29:44 Iron Casting
33:34 Squires
38:04 Detinets
41:58 Imperial Age
42:08 Halberdier
E1jefe28
0:28 Loom
11:54 Feudal Age
17:32 Castle Age
17:04 Double-Bit Axe
36:41 Horse Collar
37:15 Bow Saw
UGodALouSass
12:49 Feudal Age
11:06 Loom
14:39 Wheelbarrow
15:21 Horse Collar
20:31 Castle Age
19:17 Double-Bit Axe
19:27 Double-Bit Axe
21:12 Bloodlines
21:30 Light Cavalry
25:00 Stone Mining
26:39 Bow Saw
26:22 Gold Mining
31:25 Hand Cart
32:13 Stone Shaft Mining
37:26 Imperial Age
38:21 Double Crossbow
41:36 Bloodlines
41:27 Husbandry
42:39 Elite Ballista Elephant
RHMM16
11:00 Feudal Age
14:51 Castle Age
13:08 Horse Collar
13:51 Double-Bit Axe
14:28 Stone Mining
26:21 Wheelbarrow
29:17 Imperial Age
27:25 Bloodlines
28:39 Husbandry
29:23 Heavy Plow
29:18 Gold Mining
30:22 Conscription
32:06 Scale Barding Armor
32:12 Forging
32:59 Hand Cart
37:16 Elite Monaspa
38:47 Chain Barding Armor
38:30 Town Watch
Connection lost

Rejoining the realm…

Still unreachable

The connection could not be restored.

Session expired

The server has moved on; the page needs a fresh start.